 Dungeon Crawl Stone Soup version 0.31.0-9-g3a7656b989 (webtiles) character file.

Game seed: 12985518420970880278

11 runemasterragnar the Ducker (level 2, -1/37 HPs)
             Began as a Djinni Monk on Jan 25, 2024.
             Slain by a gnoll
             ... wielding a +0 flail
              (6 damage)
             ... on level 2 of the Dungeon.
             The game lasted 00:01:09 (482 turns).

runemasterragnar the Ducker (Djinni Monk)            Turns: 482, Time: 00:01:10

Health: -1/37      AC:  2    Str: 10    XL:     2   Next: 35%
Gold:   57         EV: 13    Int: 11    God:
                   SH:  0    Dex: 15

rFire   + + .        a - +0 falchion
rCold   x . .        d - orb {light}
rNeg    . . .        b - +0 robe
rPois   ∞            (no helmet)
rElec   .            (no cloak)
rCorr   .            (no gloves)
SInv    .            (boots unavailable)
Will    .....        (no amulet) Stlth
                     (no ring)
HPRegen 0.26/turn    (no ring)
MPRegen 0.00/turn

%: infuse magic (-2 HP)
@: berserking, flying, glowing, very quick
A: sickness immunity, fire resistance 2, cold vulnerability 1, float, innate
caster, HP casting, extra vitality 1
a: no special abilities


You were on level 2 of the Dungeon.
You visited 1 branch of the dungeon, and saw 2 of its levels.

You collected 57 gold pieces.

Inventory:

Hand Weapons
 a - a +0 falchion (weapon)
Armour
 b - a +0 robe (worn)
 d - an orb of light (worn)
Talismans
 g - a beast talisman
Scrolls
 e - a scroll of immolation {unknown}
 h - a scroll of teleportation {unknown}
 i - a scroll of vulnerability {unknown}
Potions
 c - 3 potions of ambrosia


   Skills:
 + Level 3.1 Fighting
 * Level 3.0 Long Blades
 - Level 3.5 Dodging You didn't know any spells. Your spell library was empty.

Dungeon Overview and Level Annotations

Branches:
Dungeon (2/15)

Altars:

Shops:
D:1 *


Innate Abilities, Weirdness & Mutations

You are immune to sickness and miasma.
You are immune to poison.
Your flesh is very heat resistant. (rF++)
You are vulnerable to cold. (rC-)
You float through the air rather than walking.
You learn spells naturally, not from books.
Your magical power is your life essence.
You have superior vitality. (+4 MHP)


Message History

What level of the Dungeon? (default 1, ? - help)
There is a stone staircase leading down here.
You fly downwards.
Found a steel ring and a scroll labelled OXIUSTR IXKIORPH.
Found a stone staircase leading up.
There is a stone staircase leading up here.
A ribbon worm is nearby!
A ribbon worm is nearby!
Found a metallic black potion.
A gnoll and a goblin come into view.
Found a ring mail.
The goblin shouts!
You hear a shout!
You hit the ribbon worm.
The ribbon worm is lightly wounded.
The ribbon worm completely misses you.
You hit the ribbon worm.
The ribbon worm is lightly wounded.
The ribbon worm closely misses you.
You slash the ribbon worm!
The ribbon worm is heavily wounded.
The ribbon worm expels a string of sticky webbing.
The stream of webbing hits you but does no damage.
You are caught in a web!
The web tears apart.
The ribbon worm attacks as it pursues you!
The ribbon worm bites you.
The ribbon worm attacks as it pursues you!
The ribbon worm bites you! The gnoll hits you with a +0 flail!
* * * LOW HITPOINT WARNING * * *
There is a stone staircase leading up here.
The gnoll attacks as it pursues you! The gnoll hits you with a +0 flail.
* * * LOW HITPOINT WARNING * * *
The gnoll attacks as it pursues you! The gnoll hits you with a +0 flail.
* * * LOW HITPOINT WARNING * * *
It was a potion of berserk rage.
A red film seems to cover your vision as you go berserk!
You feel yourself moving faster!
You feel mighty! The gnoll hits you with a +0 flail.
You die...

..# .# #.# #.# #
#.###..# .###
#.##..# ... #..#.#
#.###....######.#
#........gg@.?..#
##......<.w#######
##.#...=..........#
....................
...##....#....#.####
......#######...
......#.# #...
[#...##.# #.<. ....#
#.# ...


You could see a ribbon worm, a gnoll and a goblin.

Vanquished Creatures
  A ball python (D:1)
  2 bats (D:1)
  An endoplasm (D:1)
  A goblin (D:1)
  A hobgoblin (D:1)
  A kobold (D:1)
  3 rats (D:1)
10 creatures vanquished.

Notes
Turn   | Place    | Note
-------+----------+-------------------------------------------
     0 | D:1      | runemasterragnar the Djinni Monk began the quest for the
                  | Orb.
     0 | D:1      | Reached XP level 1. HP: 20/20 MP: 0/0
   172 | D:1      | Found Mopoq's Assorted Antiques.
   178 | D:1      | Reached XP level 2. HP: 25/25 MP: 0/0
   482 | D:2      | Slain by a gnoll

Illustrated notes

Levels and vault maps discovered:
D:1:      dpeg_arrival_tiny_a, layout_basic, serial_shops, shop
D:2:      layout_rooms, serial_shops, shop, basic_altar,
          hangedman_decor_peaks_small, st_stairs_9

Skill      XL: |  1  2 |
---------------+-------+-----
Long Blades    | 3 |  3.0
Fighting       | |  3.1
Dodging        | |  3.5

Action                     || total
---------------------------++-------
  Melee: Falchion          ||    19
    Use: Potion            ||     1
 Armour: Robe              ||    13
  Dodge: Dodged            ||    10
